 Dungeon Crawl Stone Soup version 0.26.1-2-gb8aa6d0cf2 (webtiles) character file.

Game seed: 12067951896119795852

230 promet the Skirmisher (level 6, -6/38 HPs)
             Began as a Tengu Fighter on Mar 7, 2021.
             Was a Follower of Ru.
             Killed by nerve-wracking pain
             ... invoked by a shadow imp
             ... summoned by Eustachio
              (12 damage)
             ... on level 4 of the Dungeon.
             The game lasted 00:19:11 (3780 turns).

promet the Skirmisher (Tengu Fighter)               Turns: 3780, Time: 00:19:13

Health: -6/38      AC:  6    Str: 16    XL:     6   Next: 3%
Magic:  6/7        EV:  8    Int:  8    God:    Ru [*.....]
Gold:   134        SH:  9    Dex: 16    Spells: 5/5 levels left

rFire    . . .     SeeInvis +   a - +0 rapier
rCold    . . .     Faith    .   c - +0 kite shield
rNeg     . . .     Spirit   .   b - +0 scale mail
rPois    .         Reflect  .   (helmet restricted)
rElec    .         Harm     .   (no cloak)
rCorr    .         Rampage  .   (no gloves)
Will     .....                  (boots unavailable)
Stlth    ..........             n - amulet of the acrobat
HPRegen  0.12/turn              p - ring of see invisible
MPRegen  0.10/turn              (no ring)

@: flying quickly and evasively, quick
A: beak, talons 3, unskilled 1, able to fly
a: Stop Flying, Renounce Religion


You were on level 4 of the Dungeon.
You worshipped Ru.
Ru was aware of your devotion.
You visited 1 branch of the dungeon, and saw 4 of its levels.

You collected 134 gold pieces.

Inventory:

Hand Weapons
 a - a +0 rapier (weapon)
Missiles
 e - 20 arrows
 f - 155 stones (quivered)
 g - 27 bolts
Armour
 b - a +0 scale mail (worn)
 c - a +0 kite shield (worn)
Jewellery
 n - an amulet of the acrobat (around neck)
 p - a ring of see invisible (left hand)
Scrolls
 j - 4 scrolls of identify
 k - a scroll of blinking
 m - 2 scrolls of teleportation
Potions
 d - a potion of might
 h - a potion of curing


   Skills:
 * Level 3.9 Fighting
 + Level 3.6 Short Blades
 + Level 0.2 Throwing
 + Level 3.6 Armour
 + Level 0.2 Dodging
 + Level 1.2 Stealth
 + Level 3.3 Shields


You had 5 spell levels left.
You didn't know any spells.
Your spell library was empty.

Dungeon Overview and Level Annotations

Branches:
Dungeon (4/15)
 Temple: D:4-7

Altars:
Nemelex Xobeh
Ru
Zin

Shops:
D:3 *   D:4 ?(

Annotations:
D:4 Eustachio


Innate Abilities, Weirdness & Mutations

You have a beak for a mouth.
You have claws for feet.
You are somewhat unskilled. (-1 Apt)
You can fly continuously.


Message History

* * * LOW HITPOINT WARNING * * *
You hit Eustachio but do no damage. Your kick misses Eustachio.
Eustachio is almost dead.
Eustachio hits you but does no damage. You block the shadow imp's attack.
You closely miss Eustachio. Your kick misses Eustachio.
Your peck misses Eustachio.
Eustachio is almost dead.
Eustachio mumbles some strange words.
Eustachio blinks!
The shadow imp hits you.
* * * LOW HITPOINT WARNING * * *
You closely miss Eustachio.
Eustachio is almost dead.
You block Eustachio's attack. The shadow imp closely misses you.
You completely miss Eustachio.
Eustachio is almost dead.
Eustachio hits you with a +0 rapier.
* * * LOW HITPOINT WARNING * * *
The shadow imp gestures at you. Pain shoots through your body!
You die...

.........†.#.#..#.....
.##..........#.........
.#......#..............
....###.......#.....#..
.#..###.......###.#.##
#...#..##.....##.#..#
##.....#####..#.....#
#......####..@....#
#.......#..5@....##
#............##....#
.....##..##...........
..... #.##......####..
.....#..###....####.##
........#.#...##....##
..............##..#
...........)###(..##.....
......##.... ##.........


You could see Eustachio and a shadow imp (summoned).

Vanquished Creatures
  An ogre (D:3)
  3 adders
  A howler monkey skeleton (D:4)
  An ufetubus (D:3)
  An adder skeleton (D:4)
  2 dart slugs (D:2)
  5 leopard geckos
  7 orcs (D:3)
  11 bats
  6 giant cockroaches
  10 goblins
  6 hobgoblins
  6 jackals
  3 ball pythons
  6 frilled lizards
  11 kobolds
  10 rats
90 creatures vanquished.

Notes
Turn   | Place    | Note
-------+----------+-------------------------------------------
     0 | D:1      | promet the Tengu Fighter began the quest for the Orb.
     0 | D:1      | Reached XP level 1. HP: 14/14 MP: 2/2
     1 | D:1      | Noticed an electric eel
   101 | D:1      | Reached XP level 2. HP: 8/19 MP: 3/3
   706 | D:1      | Reached XP level 3. HP: 23/23 MP: 4/4
  1336 | D:2      | Found a sacrificial altar of Ru.
  1373 | D:2      | Became a worshipper of Ru the Awakened
  1737 | D:2      | Reached XP level 4. HP: 27/29 MP: 5/5
  1816 | D:2      | Found a sparkling altar of Nemelex Xobeh.
  2429 | D:3      | Found Zin's Purification Station.
  2436 | D:3      | Reached skill level 1 in Stealth
  2451 | D:3      | Found a glowing silver altar of Zin.
  2841 | D:3      | Gained mutation: You are somewhat unskilled. (-1 Apt) [Ru
                  | sacrifice]
  2841 | D:3      | Reached * piety under Ru
  2957 | D:3      | Gained mutation: You can fly continuously. [Tengu growth]
  2957 | D:3      | Reached XP level 5. HP: 32/32 MP: 6/6
  3471 | D:4      | Noticed an ogre
  3490 | D:3      | Killed an ogre
  3540 | D:4      | Found Cympum's Antique Weapon Shoppe.
  3562 | D:4      | Reached XP level 6. HP: 38/38 MP: 7/7
  3656 | D:4      | Found Dykuclux's Magic Scroll Emporium.
  3661 | D:4      | Noticed Eustachio
  3780 | D:4      | Killed from afar by a shadow imp

Illustrated notes

Levels and vault maps discovered:
D:1:      arrival_aquarium_a, layout_loops_corners
D:2:      layout_loops_corners, nicolae_ru_sacrificial_ziggurat,
          overflow_temple_1_default
D:3:      layout_basic, zin_purify
D:4:      layout_cave_pools, grunt_temple_overflow_champion_of_chaos,
          old_standard_altar, minmay_temple_entry_nine_rooms, serial_shops,
          nicolae_shop_waterfront, shop, shop, nicolae_shop_crystal,
          shop_statue, uniq_eustachio

Skill      XL: |  1  2  3  4  5 |
---------------+----------------+-----
Stealth        | 1 |  1.2
Fighting       | 3 |  3.9
Short Blades   | 2 3 |  3.6
Throwing       | |  0.2
Armour         | |  3.6
Dodging        | |  0.2
Shields        | |  3.3

Action                   |  1- 3 |  4- 6 || total
-------------------------+-------+-------++-------
Melee: Rapier            |    92 |   118 ||   210
       Kick              |    13 |    31 ||    44
       Peck              |    11 |    19 ||    30
Throw: Dart              |       |     4 ||     4
       Stone             |       |     1 ||     1
       Javelin           |       |     7 ||     7
Invok: Sacrifice Skill   |       |     1 ||     1
 Abil: Fly               |       |     1 ||     1
  Use: Scroll            |     4 |     3 ||     7
       Potion            |     4 |     3 ||     7
Armor: Scale mail        |    34 |    33 ||    67
Dodge: Dodged            |    21 |    19 ||    40
Block: Kite shield       |    37 |    45 ||    82
